 Dungeon Crawl Stone Soup version 0.31-a0-881-ge136f0c47a (webtiles) character file.

Game seed: 10474003922215009311

639 TheGamechu the Ducker (level 7, 31/36 HPs)
             Began as a Spriggan Hunter on Oct 11, 2023.
             Quit the game on level 4 of the Dungeon on Oct 15, 2023.
             The game lasted 00:13:51 (3015 turns).

TheGamechu the Ducker (Spriggan Hunter)             Turns: 3015, Time: 00:13:51

Health: 31/36      AC:  3    Str:  7    XL:     7   Next: 26%
Magic:  8/8        EV: 22    Int: 14    God:
Gold:   150        SH:  0    Dex: 21    Spells: 6/6 levels left

rFire   + . .        a - +0 shortbow
rCold   . . .        (shield currently unavailable)
rNeg    . . .        k - +1 robe of Fuimm {rF+ Int+4}
rPois   .            l - +0 hat
rElec   .            (no cloak)
rCorr   .            (gloves unavailable)
SInv    +            (boots unavailable)
Will    +....        (no amulet)
Stlth   +++          (no ring)
HPRegen 0.26/turn    (no ring)
MPRegen 0.11/turn

%: no passive effects
@: very quick
A: very small, no large weapons, unfitting armour, see invisible, speed 3
a: no special abilities


You were on level 4 of the Dungeon.
You visited 1 branch of the dungeon, and saw 4 of its levels.

You collected 150 gold pieces.

Inventory:

Hand Weapons
 a - a +0 shortbow (weapon)
Missiles
 g - 2 throwing nets
Armour
 c - a +0 robe
 k - the +1 robe of Fuimm (worn) {rF+ Int+4}
   (You found it on level 3 of the Dungeon)

   Int+4:     It affects your intelligence (+4).
   rF+:       It protects you from fire.
 l - a +0 hat (worn)
Jewellery
 p - a ring of resist corrosion
 s - a ring of fire
Wands
 j - a wand of polymorph (7)
 q - a wand of flame (14)
Scrolls
 b - a scroll of butterflies
 d - 4 scrolls of enchant weapon {unknown}
 e - a scroll of summoning {unknown}
 f - 2 scrolls of identify
 h - a scroll of poison {unknown}
 o - 3 scrolls of immolation {unknown}
Potions
 i - 2 potions of might
 m - 3 potions of degeneration
 n - a potion of haste {unknown}
 r - a potion of heal wounds {unknown}


   Skills:
 + Level 3.4 Fighting
 + Level 6.2 Ranged Weapons
 + Level 6.7 Dodging
 - Level 2.7 Stealth


You had 6 spell levels left.
You didn't know any spells.
Your spell library contained the following spells:

 Spells                   Type           Power      Damage    Failure   Level
 Ignite Poison            Fire/Tmut/Pois 0%         N/A       65%         3
 Animate Dead             Necr           0%         N/A       96%         4
 Sticky Flame             Conj/Fire      0%         2d3       96%         4
 Borgnjor's Vile Clutch   Necr/Erth      0%         N/A       100%        5
 Death Channel            Necr           0%         N/A       100%        6
 Ignition                 Fire           0%         3d3       100%        8


Dungeon Overview and Level Annotations

Branches:
Dungeon (4/15)
 Temple: D:4-7

Altars:

Annotations:
D:3 2 transporters, Brisketman's ghost, weakling DgSh


Innate Abilities, Weirdness & Mutations

You are very small and have problems with some larger weapons.
You are too small for most types of armour.
You have supernaturally acute eyesight. (SInv)
You cover ground extremely quickly. (Speed+++)


Message History

You kill the jackal!
The hound barely misses you. The jackal bites you.
You shoot an arrow. The arrow hits the hound!
The hound is heavily wounded.
The hound bites you. The jackal closely misses you. The hound misses you.
You shoot an arrow. The arrow barely misses the hound.
The arrow hits the orc.
The orc is almost dead.
The jackal bites you. The hound bites you. The jackal completely misses you.
The hound completely misses you.
You shoot an arrow. The arrow misses the hound.
The arrow hits the orc but does no damage.
The orc is almost dead.
The jackal closely misses you. The hound completely misses you.
You shoot an arrow. The arrow hits the hound.
The hound is severely wounded.
The hound closely misses you. The jackal closely misses you.
The hound barely misses you. The jackal misses you.
You shoot an arrow.
The arrow hits the hound but does no damage.
The hound is severely wounded.
The hound completely misses you. The jackal completely misses you.
The hound misses you.
You shoot an arrow. The arrow barely misses the hound.
The arrow hits the orc!
You kill the orc!
The jackal misses you. The hound barely misses you.
The jackal closely misses you.
You shoot an arrow. The arrow misses the hound.
The hound closely misses you. The jackal closely misses you.
The hound closely misses you.
You shoot an arrow. The arrow hits the hound!
You kill the hound!
The jackal misses you. x2
You shoot an arrow. The arrow hits the jackal.
You kill the jackal!
No target in view!
No target in view!
Welcome back, TheGamechu the Spriggan Hunter.
Press ? for a list of commands and other information.
Unknown command.
Unknown command.
Are you sure you want to abandon this character and quit the game? (Confirm with "yes".)

.....# #######.# #.....#
.....###### ###.# ####.##
.....##... ..#.# #.#
.....##.##### #.#.# #####.#
...h.†......# #.#.# #.....#
....#.......#
#.#.########.#####
....#.......# #.#........#.####
...h#.g)....###.#..#####.#....#
.....h........).@..# #.####.#
.....#S†....##.##(######.# #.#
.....#h.....##.##.##.....####.#
.....##.######.....#<..†......#
.....##†# #.###.######.#####
.....##h## #.....##.>...#
.....##..## ##..#####.#####
.....###.S###...#####.#
##..†..#h....B.#


There were no monsters in sight!

Vanquished Creatures
  Grinder (D:3)
  Sigmund (D:3)
  An orc priest (D:3)
  2 hounds (D:4)
  An iguana (D:4)
  Ijyb (D:3)
  4 adders
  A worm (D:2)
  5 dart slugs
  10 orcs
  7 ball pythons
  4 endoplasms
  4 giant cockroaches
  4 goblins
  9 hobgoblins
  10 jackals
  2 quokkas
  4 bats
  2 frilled lizards
  5 kobolds
  3 rats
81 creatures vanquished.

Notes
Turn   | Place    | Note
-------+----------+-------------------------------------------
     0 | D:1      | TheGamechu the Spriggan Hunter began the quest for the Orb.
     0 | D:1      | Reached XP level 1. HP: 10/10 MP: 2/2
   116 | D:1      | Reached XP level 2. HP: 14/14 MP: 3/3
   498 | D:1      | Reached XP level 3. HP: 12/18 MP: 4/4
   948 | D:2      | You fall into a shaft and drop 2 floors!
   975 | D:3      | Found a transporter.
   975 | D:3      | Noticed Brisketman's ghost (weakling DgSh)
  1034 | D:3      | Reached XP level 4. HP: 16/22 MP: 5/5
  1056 | D:3      | Identified the +1 robe of Fuimm {rF+ Int+4}
  1144 | D:2      | Reached skill level 5 in Ranged Weapons
  1572 | D:3      | Noticed Ijyb
  1653 | D:3      | Killed Ijyb
  1654 | D:3      | Reached skill level 5 in Dodging
  1654 | D:3      | Reached XP level 5. HP: 26/26 MP: 6/6
  1718 | D:3      | Found a transporter.
  1980 | D:3      | Noticed Sigmund
  2066 | D:3      | Killed Sigmund
  2067 | D:3      | Reached XP level 6. HP: 7/32 MP: 7/7
  2212 | D:3      | Noticed Grinder
  2438 | D:3      | Killed Grinder
  2439 | D:3      | Reached XP level 7. HP: 25/36 MP: 8/8
  3015 | D:4      | Upgraded the game from 0.31-a0-868-g674d60d6f7 to
                  | 0.31-a0-881-ge136f0c47a
  3015 | D:4      | Quit the game

Illustrated notes

Levels and vault maps discovered:
D:1:      nzn_arrival_settlement, layout_loops_ring
D:2:      layout_rooms, st_stairs_4
D:3:      layout_basic, gammafunk_ghost_mausoleum, uniq_grinder, uniq_sigmund,
          uniq_ijyb
D:4:      layout_basic, mainiacjoe_overflow_alcove_4

Skill      XL: |  1  2  3  4  5  6 |
---------------+-------------------+-----
Stealth        | 2 |  2.7
Dodging        | 3 4 5 6 |  6.7
Ranged Weapons | 5 6 |  6.2
Fighting       | 2 3 |  3.4

Action                     |  1- 3 |  4- 6 |  7- 9 || total
---------------------------+-------+-------+-------++-------
   Fire: Shortbow          |   120 |   126 |    89 ||   335
    Use: Scroll            |       |     5 |       ||     5
 Armour: Robe              |     9 |    10 |    17 ||    36
         Skin              |       |    16 |       ||    16
  Dodge: Dodged            |    32 |    43 |    64 ||   139

Table legend: (Time is in decaauts)
 A = Elapsed time spent in this place.
 B = Non-inter-level travel time spent in this place.
 C = Inter-level travel time spent in this place.
 D = Time resting spent in this place.
 E = Time spent auto-exploring this place.
 F = Levels seen in this place.
 G = Mean time per level.
                   A        B        C        D        E       F      G
               +--------+--------+--------+--------+--------+-----+--------+
         Total |   2184 |   2114 |     70 |    279 |    980 |   4 |  546.0 |
       Dungeon |   2184 |   2114 |     70 |    279 |    980 |   4 |  546.0 |
               +--------+--------+--------+--------+--------+-----+--------+

Top non-repeatable levels by time:
     D:3: 920 daAuts
     D:1: 529 daAuts
     D:4: 367 daAuts
     D:2: 366 daAuts
